 Dungeon Crawl Stone Soup version 0.26-a0-1205-g4083c211ab (webtiles) character file.

Game seed: 8067909689880937189

55 raph the Slasher (level 3, -1/30 HPs)
             Began as a Minotaur Gladiator on Dec 29, 2020.
             Killed from afar by an orc wizard (3 damage)
             ... with a puff of frost
             ... on level 2 of the Dungeon.
             The game lasted 00:01:10 (1317 turns).

raph the Slasher (Minotaur Gladiator)               Turns: 1317, Time: 00:01:10

Health: -1/30      AC:  3    Str: 18    XL:     3   Next: 67%
Magic:  2/2        EV: 13    Int:  5    God:
Gold:   39         SH:  0    Dex: 12    Spells: 2/2 levels left

rFire    . . .     SeeInvis .   a - +0 long sword
rCold    . . .     Faith    .   (no shield)
rNeg     . . .     Spirit   .   b - +0 leather armour
rPois    .         Reflect  .   c - +0 hat
rElec    .         Harm     .   (no cloak)
rCorr    .         Rampage  .   (no gloves)
Will     .....                  (no boots)
Stlth    +.........             (no amulet)
HPRegen  0.10/turn              (no ring)
MPRegen  0.08/turn              (no ring)

@: no status effects
A: retaliatory headbutt, horns 2
a: no special abilities


You were on level 2 of the Dungeon.
You visited 1 branch of the dungeon, and saw 2 of its levels.

You collected 39 gold pieces.

Inventory:

Hand Weapons
 a - a +0 long sword (weapon)
Missiles
 d - 3 throwing nets (quivered)
Armour
 b - a +0 leather armour (worn)
 c - a +0 hat (worn)
Scrolls
 e - a scroll of identify {unknown}
 g - a scroll of magic mapping {unknown}
 j - 2 scrolls of teleportation {unknown}
 m - a scroll of fear {unknown}
Potions
 f - a potion of resistance {unknown}
 h - a potion of mutation {unknown}
 i - 2 potions of degeneration {unknown}
 k - a potion of curing {unknown}
 l - a potion of heal wounds {unknown}


   Skills:
 - Level 2.4 Fighting
 + Level 5.7 Long Blades
 - Level 2.0 Throwing
 - Level 3.2 Dodging


You had 2 spell levels left.
You didn't know any spells.
Your spell library was empty.

Dungeon Overview and Level Annotations

Branches:
Dungeon (2/15)

Altars:
Dithmenos


Innate Abilities, Weirdness & Mutations

You reflexively headbutt those who attack you in melee.
You have a pair of horns on your head.


Message History

A puff of flame appears from out of thin air!
The puff of flame hits you!
* * * LOW HITPOINT WARNING * * *
You miss something. The goblin barely misses you.
You riposte.
You slash the goblin!
You kill the goblin!
An orc comes into view. It is wielding a +0 whip.
The orc misses you. Something hits you but does no damage.
The orc wizard gestures at itself while chanting.
The orc wizard flickers and vanishes!
You hear some strange, mumbled words.
A magic dart appears from out of thin air!
The magic dart hits you.
* * * LOW HITPOINT WARNING * * *
Things that are here:
a +0 hand axe; a +0 leather armour You hear some strange, mumbled words.
A puff of frost appears from out of thin air!
The puff of frost hits you.
You die...

#......###### #...
#..........# ##...
###########).)..###.#
#....
..........).....# #.#
#.##.
#######...#####.# #.#
#.##.
#...#.........#.# #.#
#....
#.#.#.#[#.###.#.# #.#
#..##
#.#.#.#.#.###.#.# #.#
#..##
#<....#.#.@...#.###.#
#..##
#.###.#.###o{##.....#
#..# #.. ..#.#
##)r####### #..#
#######.# ##w†# #..##
.# .o..# #....
{.##..# #.... ..o
#..# #.... ..## #..#
#..## ..# #..# #....


You could see a worm, 2 orcs and a rat.

Vanquished Creatures
  3 adders (D:2)
  A dart slug (D:2)
  A leopard gecko (D:2)
  An orc (D:2)
  A giant cockroach (D:2)
  A goblin (D:2)
  4 hobgoblins
  2 jackals (D:2)
  5 bats
  3 kobolds
  2 rats
24 creatures vanquished.

Notes
Turn   | Place    | Note
-------+----------+-------------------------------------------
     0 | D:1      | raph the Minotaur Gladiator began the quest for the Orb.
     0 | D:1      | Reached XP level 1. HP: 18/18 MP: 0/0
    69 | D:1      | Reached skill level 4 in Long Blades
   371 | D:2      | Reached XP level 2. HP: 25/25 MP: 1/1
   736 | D:2      | Reached skill level 5 in Long Blades
   925 | D:2      | Reached XP level 3. HP: 28/30 MP: 2/2
   976 | D:2      | Found a shadowy altar of Dithmenos.
  1317 | D:2      | Killed from afar by an orc wizard

Illustrated notes

Levels and vault maps discovered:
D:1:      amcnicky_arrival_flooded_fountain, layout_rooms
D:2:      minmay_alternating_diamond, layout_basic,
          grunt_dithmenos_smoke_and_mirrors, tgw_trog, kennysheep_small_spiral,
          okawaru_gym_becter

Skill      XL: |  1  2 |
---------------+-------+-----
Long Blades    | 4 5 |  5.7
Fighting       | |  2.4
Throwing       | |  2.0
Dodging        | |  3.2

Action                   || total
-------------------------++-------
Melee: Long sword        ||    49
       Headbutt          ||     9
Armor: Leather armour    ||    18
Dodge: Dodged            ||    40
       Rpst.: Long sword ||    11

Table legend: (Time is in decaauts)
 A = Elapsed time spent in this place.
 B = Non-inter-level travel time spent in this place.
 C = Inter-level travel time spent in this place.
 D = Time resting spent in this place.
 E = Time spent auto-exploring this place.
 F = Levels seen in this place.
 G = Mean time per level.
                   A        B        C        D        E       F      G
               +--------+--------+--------+--------+--------+-----+--------+
         Total |   1324 |   1298 |     26 |    424 |    735 |   2 |  662.0 |
       Dungeon |   1324 |   1298 |     26 |    424 |    735 |   2 |  662.0 |
               +--------+--------+--------+--------+--------+-----+--------+

Top non-repeatable levels by time:
     D:2: 968 daAuts
     D:1: 356 daAuts
